 Dungeon Crawl Stone Soup version 0.30-a0-696-g2367cd04db (webtiles) character file.

Game seed: 12141286332254151343

205 nucleargodhead the Slasher (level 5, -1/50 HPs)
             Began as a Minotaur Berserker on Jan 20, 2023.
             Was a Believer of Trog.
             Killed from afar by an orc wizard (7 damage)
             ... with a puff of flame
             ... on level 4 of the Dungeon.
             The game lasted 00:04:21 (2815 turns).

nucleargodhead the Slasher (Minotaur Berserker)     Turns: 2815, Time: 00:04:22

Health: -1/50      AC:  4    Str: 21    XL:     5   Next: 53%
Magic:  4/4        EV: 12    Int:  4    God:    Trog [**....]
Gold:   81         SH:  0    Dex: 12    Spells: 4/4 levels left

rFire   . . .      SeeInvis .    q - +0 long sword
rCold   . . .      Faith    .    (no shield)
rNeg    . . .      Spirit   .    b - +0 animal skin
rPois   .          Reflect  .    (helmet restricted)
rElec   .          Harm     .    (no cloak)
rCorr   .          Rampage  .    s - +0 pair of gloves
Will    .....                    p - +0 pair of boots
Stlth   +                        (no amulet)
HPRegen 0.28/turn                (no ring)
MPRegen 0.09/turn                (no ring)

@: confused
A: horns 2, retaliatory headbutt
a: Renounce Religion, Berserk, Trog's Hand


You were on level 4 of the Dungeon.
You worshipped Trog.
Trog was pleased with you.
You visited 1 branch of the dungeon, and saw 4 of its levels.

You collected 151 gold pieces.
You spent 70 gold pieces at shops.

Inventory:

Hand Weapons
 a - a +0 falchion
 q - a +0 long sword (weapon)
Armour
 b - a +0 animal skin (worn)
 p - a +0 pair of boots (worn)
 s - a +0 pair of gloves (worn)
Scrolls
 c - 2 scrolls of teleportation
 d - a scroll of noise
 g - 3 scrolls of fog
 j - a scroll of immolation {unknown}
 m - a scroll of magic mapping {unknown}
 n - 2 scrolls of vulnerability
 t - a scroll of acquirement {unknown}
Potions
 e - 2 potions of haste
 f - a potion of flight {unknown}
 h - 2 potions of ambrosia {unknown}
 i - 2 potions of curing {unknown}
 k - a potion of mutation {unknown}
 l - 2 potions of brilliance {unknown}
 o - a potion of resistance {unknown}
 r - a potion of attraction {unknown}
 u - 3 potions of magic {unknown}


   Skills:
 + Level 5.9 Fighting
 + Level 5.9 Long Blades
 - Level 2.4 Armour
 - Level 2.1 Dodging


You had 4 spell levels left.
You didn't know any spells.
Your spell library was empty.

Dungeon Overview and Level Annotations

Branches:
Dungeon (4/15)
 Temple: D:4-7

Altars:
Okawaru
Qazlal

Shops:
D:3 [[**


Innate Abilities, Weirdness & Mutations

You have a pair of horns on your head.
You reflexively headbutt those who attack you in melee.


Message History

You bump into the rock wall.
The orc wizard points at you and mumbles some strange words.
The magic dart hits you!
You bump into the rock wall.
You feel less confused.
The orc wizard casts a spell.
The orc wizard flickers and vanishes!
Deactivating autopickup; reactivate with Ctrl-A.
You hit something but do no damage. Your headbutt misses something.
Something hits you.
You barely miss something. Your headbutt misses something. Something hits you.
You closely miss something. Your headbutt misses something.
Something barely misses you.
You closely miss something. Your headbutt misses something. Something hits you.
You closely miss something. You headbutt something.
You hear some strange, mumbled words.
Something tries to affect you, but you resist.
You hear some strange, mumbled words.
You are confused.
Something hits you but does no damage.
You hear some strange, mumbled words.
A puff of flame appears from out of thin air!
The puff of flame hits you!
You see here a scroll of vulnerability.
You miss something. Your headbutt misses something. Something hits you.
You closely miss something. Something hits you.
You barely miss something. Your headbutt misses something.
You hear some strange, mumbled words.
You are more confused.
You hear some strange, mumbled words.
A puff of flame appears from out of thin air!
The puff of flame hits you!
* * * LOW HITPOINT WARNING * * *
You hear some strange, mumbled words.
You are more confused.
You start resting.
You hear some strange, mumbled words.
A puff of flame appears from out of thin air!
The puff of flame hits you!
You die...

#.# #.# #?# #.#
#.# #<# #.#
#######.#########
.......:.@?......
#######){########
#?)# #..# #.....#
#..........
#.####+#### #. #.


There were no monsters in sight!

Vanquished Creatures
  A black bear (D:3)
  3 adders
  3 worms
  2 dart slugs (D:3)
  10 orcs
  6 endoplasms
  4 giant cockroaches
  6 goblins
  A hobgoblin (D:2)
  4 quokkas
  5 ball pythons
  7 bats
  5 frilled lizards
  7 kobolds
  6 rats
70 creatures vanquished.

Notes
Turn   | Place    | Note
-------+----------+-------------------------------------------
     0 | D:1      | nucleargodhead the Minotaur Berserker began the quest for
                  | the Orb.
     0 | D:1      | Reached XP level 1. HP: 19/19 MP: 0/0
   295 | D:1      | Reached XP level 2. HP: 23/27 MP: 1/1
   849 | D:2      | Reached ** piety under Trog
   868 | D:2      | Reached XP level 3. HP: 34/34 MP: 2/2
  1590 | D:2      | Found a faded altar of an unknown god.
  1762 | D:3      | Found a stormy altar of Qazlal.
  1767 | D:3      | Found Osesam's General Store.
  1782 | D:3      | Noticed a black bear
  1790 | D:3      | Killed a black bear
  1791 | D:3      | Reached skill level 5 in Fighting
  1791 | D:3      | Reached skill level 5 in Long Blades
  1791 | D:3      | Reached XP level 4. HP: 24/42 MP: 3/3
  1791 | D:3      | Reached XP level 5. HP: 28/48 MP: 4/4
  1864 | D:3      | Bought a scroll of identify for 22 gold pieces
  2013 | D:3      | Found Eshref's Antique Armour Shoppe.
  2051 | D:3      | Found Jyabol Oratt's Assorted Antiques.
  2060 | D:3      | Bought a scroll of identify for 48 gold pieces
  2072 | D:3      | Found an iron altar of Okawaru.
  2164 | D:3      | Found Gaciylus's Armour Emporium.
  2815 | D:4      | Killed from afar by an orc wizard

Illustrated notes

Levels and vault maps discovered:
D:1:      roderic_octagonal_star, layout_loops_ring
D:2:      layout_loops_ring, ebering_ecumenical_altar_ruins
D:3:      minmay_chambers_of_threes, layout_rooms,
          mainiacjoe_overflow_tiny_flanked, mainiacjoe_overflow_cross_hatched,
          serial_corexii_hall, corexii_hall_statues_s, corexii_hall_statues_i,
          corexii_hall_statues_u, corexii_hall_statues_l,
          chequers_hall_statues_y, corexii_hall_statues_t, serial_shops,
          nicolae_shop_trees, nicolae_shop_waterfront,
          nicolae_shop_behind_doors, nicolae_shop_competitors_out_of_business
D:4:      layout_loops_ring, nemelex_spade_bored_becter, temple_green,
          serial_bayou, serial_bayou_pond_e, serial_bayou_lagoon_a,
          serial_bayou_ford_a, kennysheep_generic_room_13

Skill      XL: |  1  2  3 |
---------------+----------+-----
Fighting       | 4 5 |  5.9
Long Blades    | 4 5 |  5.9
Armour         | |  2.4
Dodging        | |  2.1

Action                   |  1- 3 |  4- 6 || total
-------------------------+-------+-------++-------
Melee: Falchion          |    57 |       ||    57
       Headbutt          |    13 |     5 ||    18
       Long sword        |    27 |    63 ||    90
Invok: Berserk           |     1 |     2 ||     3
  Use: Scroll            |       |     5 ||     5
 Stab: Sleeping          |     1 |       ||     1
Armor: Animal skin       |    18 |    15 ||    33
Dodge: Dodged            |    48 |    44 ||    92

Table legend: (Time is in decaauts)
 A = Elapsed time spent in this place.
 B = Non-inter-level travel time spent in this place.
 C = Inter-level travel time spent in this place.
 D = Time resting spent in this place.
 E = Time spent auto-exploring this place.
 F = Levels seen in this place.
 G = Mean time per level.
                   A        B        C        D        E       F      G
               +--------+--------+--------+--------+--------+-----+--------+
         Total |   2854 |   2735 |    119 |    209 |   2089 |   4 |  713.5 |
       Dungeon |   2854 |   2735 |    119 |    209 |   2089 |   4 |  713.5 |
               +--------+--------+--------+--------+--------+-----+--------+

Top non-repeatable levels by time:
     D:3: 1046 daAuts
     D:2: 1043 daAuts
     D:1: 735 daAuts
     D:4: 29 daAuts
